 Dungeon Crawl Stone Soup version 0.23-a0-473-gc8aadda (webtiles) character file.

124 nikopol the Firebug (level 4, -5/24 HPs)
             Began as a Deep Elf Fire Elementalist on Nov 27, 2018.
             Killed from afar by Sigmund (11 damage)
             ... with a puff of flame
             ... on level 3 of the Dungeon.
             The game lasted 00:04:30 (1949 turns).

nikopol the Firebug (Deep Elf Fire Elementalist)    Turns: 1949, Time: 00:04:31

Health: -5/24      AC:  4    Str:  5    XL:     4   Next: 81%
Magic:  0/12       EV: 13    Int: 21    God:
Gold:   106        SH:  0    Dex: 15    Spells: 1/11 levels left

rFire    . . .     SeeInvis .   i - +0 short sword
rCold    . . .     Gourm    .   (no shield)
rNeg     + . .     Faith    .   o - +2 robe
rPois    .         Spirit   .   (no helmet)
rElec    .         Reflect  .   (no cloak)
rCorr    .         Harm     .   (no gloves)
MR       .....                  (no boots)
Stlth    ++........             (no amulet)
HPRegen  0.08/turn              m - ring of positive energy
MPRegen  0.13/turn              (no ring)

@: very slightly contaminated
A: no striking features
a: no special abilities


You were on level 3 of the Dungeon.
You were not hungry.

You visited 1 branch of the dungeon, and saw 3 of its levels.

You collected 106 gold pieces.

Inventory:

Hand Weapons
 i - a +0 short sword (weapon)
Armour
 a - a +0 robe
 o - a +2 robe (worn)
Jewellery
 m - a ring of positive energy (left hand)
Wands
 l - a wand of flame (21)
 p - a wand of acid (10)
Scrolls
 b - 2 scrolls of remove curse {unknown}
 d - a scroll of enchant armour {unknown}
 f - a scroll of fog {unknown}
 g - a scroll of enchant weapon {unknown}
 h - 3 scrolls of identify {unknown}
 j - a scroll of fear {unknown}
Potions
 e - a potion of magic {unknown}
 k - a potion of haste {unknown}
 n - a potion of curing {unknown}
Comestibles
 c - a ration
 q - 2 chunks of flesh


   Skills:
 + Level 0.1 Fighting
 + Level 2.8 Dodging
 + Level 3.2 Stealth
 + Level 4.3 Spellcasting
 + Level 2.2 Conjurations
 + Level 4.5 Fire Magic


You had one spell level left.
You knew the following spells:

 Your Spells              Type           Power        Failure   Level  Hunger
a - Flame Tongue          Conj/Fire      ###..        3%          1    None
b - Throw Flame           Conj/Fire      ###...       4%          2    #......
c - Conjure Flame         Conj/Fire      ###.....     9%          3    ##.....
d - Sticky Flame          Conj/Fire      ###.....     28%         4    ####...

Your spell library contained the following spells:

 Spells                   Type           Power        Failure   Level  Hunger
 Inner Flame              Hex/Fire       ##......     14%         3    ##.....
 Fireball                 Conj/Fire      ###.......   63%         5    ######.


Dungeon Overview and Level Annotations

Branches:
Dungeon (3/15)

Altars:

Annotations:
D:3 Sigmund


Message History

Press: ? - help, Shift-Dir - straight line, f/p - Sigmund
Aim: Sigmund, wielding a +0 scythe and wearing a +0 robe (moderately wounded)
The flame tongue hits Sigmund.
Sigmund appears unharmed.
Sigmund is moderately wounded.
Casting: Flame Tongue (safe; 3% risk of failure)
Confirm with . or Enter, or press ? or * to list all spells.
Aiming: Flame Tongue (safe; 3% risk of failure)
Press: ? - help, Shift-Dir - straight line, f/p - Sigmund
Aim: Sigmund, wielding a +0 scythe and wearing a +0 robe (moderately wounded)
The flame tongue misses Sigmund.
Casting: Flame Tongue (safe; 3% risk of failure)
Confirm with . or Enter, or press ? or * to list all spells.
Aiming: Flame Tongue (safe; 3% risk of failure)
Press: ? - help, Shift-Dir - straight line, f/p - Sigmund
Aim: Sigmund, wielding a +0 scythe and wearing a +0 robe (moderately wounded)
The flame tongue hits Sigmund.
Sigmund is moderately wounded.
Sigmund points at you and mumbles some strange words.
The puff of flame hits you!
You die...

#......#######
#.####.......#
#.#
#######.###
#.# #...#
#.### ###.#
###..)#### #.#
.....†...# #.#
.......[.# #.#
.........# #@#
.........# #.#
.........# #.#
#####'#### #.#
#.# #.# #^#
#§# #.# #@#
#####.# #.#
).....#### #)#


You could see Sigmund.

Vanquished Creatures
  Jessica (D:2)
  3 adders
  An ooze (D:2)
  A worm (D:2)
  A dart slug (D:1)
  3 orcs (D:3)
  6 bats
  2 giant cockroaches
  6 goblins
  6 hobgoblins
  11 jackals
  5 kobolds
  A ball python (D:1)
  3 frilled lizards
  7 rats
57 creatures vanquished.

Notes
Turn   | Place    | Note
-------+----------+-------------------------------------------
     0 | D:1      | nikopol the Deep Elf Fire Elementalist began the quest for
                  | the Orb.
     0 | D:1      | Reached XP level 1. HP: 10/10 MP: 6/6
   234 | D:1      | Reached XP level 2. HP: 15/15 MP: 0/8
   692 | D:1      | Reached XP level 3. HP: 12/19 MP: 4/9
   696 | D:1      | Learned a level 2 spell: Throw Flame
   700 | D:1      | Learned a level 3 spell: Conjure Flame
  1415 | D:2      | Reached XP level 4. HP: 24/24 MP: 7/11
  1482 | D:2      | Learned a level 4 spell: Sticky Flame
  1496 | D:2      | Noticed Jessica
  1508 | D:2      | Killed Jessica
  1934 | D:3      | Noticed Sigmund
  1949 | D:3      | Killed from afar by Sigmund

Vault maps used:
D:1:      lemuel_arrival_muddy
D:2:      minivault_19, uniq_jessica
D:3:      kennysheep_flooded_box, hangedman_decor_push, uniq_crazy_yiuf_cottage,
          uniq_sigmund, uniq_terence

Skill      XL: |  1  2  3  4 |
---------------+-------------+-----
Fire Magic     | 4 |  4.5
Stealth        | 3 |  3.2
Spellcasting   | 4 |  4.3
Conjurations   | 2 |  2.2
Fighting       | |  0.1
Dodging        | |  2.8

Action                   |  1- 3 |  4- 6 || total
-------------------------+-------+-------++-------
 Cast: Flame Tongue      |    82 |    28 ||   110
       Conjure Flame     |       |     1 ||     1
  Eat: Chunk             |     1 |     2 ||     3
Armor: Robe              |    12 |     3 ||    15
Dodge: Dodged            |    36 |     4 ||    40

Table legend:
 A = Non-vault XP
 B = Vault XP
 C = Vault XP percentage of total XP
 D = Non-vault monster count
 E = Vault monster count
 F = Vault count percentage of total count
                 A         B        C        D         E       F
            +---------+---------+-------+---------+---------+-------
      Total |     141 |      37 |  20.8 |      56 |       1 |   1.8
            +---------+---------+-------+---------+---------+-------
        D:1 |      48 |       0 |   0.0 |      29 |       0 |   0.0
        D:2 |      70 |      37 |  34.6 |      23 |       1 |   4.2
        D:3 |      23 |       0 |   0.0 |       4 |       0 |   0.0
            +---------+---------+-------+---------+---------+-------
